 Dungeon Crawl Stone Soup version 0.31-a0-865-g3d5d91748a (webtiles) character file.

Game seed: 11400170686379935247

37954 miscthings the Prestidigitator (level 14, -6/108 HPs)
             Began as a Gnoll Wanderer on Oct 10, 2023.
             Was an Initiate of Gozag.
             Mangled by a minotaur
             ... wielding the +7 morningstar "Funkurac" {flame, Str+2}
              (11 damage)
             ... in a Gauntlet on Oct 11, 2023.
             The game lasted 00:33:11 (11615 turns).

miscthings the Prestidigitator (Gnoll Wanderer)    Turns: 11615, Time: 00:33:12

Health: -6/108     AC: 25    Str: 19    XL:     14   Next: 0%
Magic:  26/26      EV: 14    Int: 11    God:    Gozag
Gold:   2887       SH:  7    Dex: 22    Spells: 30/30 levels left

rFire   . . .        F - +7 long sword "Fish" {flame, rC+ rN++ Str+2 Int-2}
rCold   + . .        p - +0 buckler
rNeg    + + .        I - +6 chain mail "Feaf Gaof" {Str+3 Dex+3}
rPois   +            X - +1 hat
rElec   .            H - +2 cloak
rCorr   .            (no gloves)
SInv    .            S - +2 pair of boots {Fly}
Will    +....        J - amulet of regeneration
Stlth   ++           w - ring of poison resistance
HPRegen 1.18/turn    f - +6 ring of dexterity
MPRegen 0.20/turn

%: no teleportation
@: flying, studying Polearms
A: fangs 1, strong nose, distributed training
a: Renounce Religion, Potion Petition, Call Merchant, Bribe Branch


You were in a Gauntlet.
You worshipped Gozag.
Gozag was most pleased with you.
You visited 4 branches of the dungeon, and saw 14 of its levels.
You also visited: Bailey and Gauntlet.

You collected 3812 gold pieces.
You spent 748 gold pieces at shops.
You paid 177 gold pieces to Gozag.

Inventory:

Hand Weapons
 d - a +2 heavy broad axe
 x - a +3 flail of holy wrath
 F - the +7 long sword "Fish" (weapon) {flame, rC+ rN++ Str+2 Int-2}
   (You bought it in a shop on level 1 of the Dungeon)

   Str+2:     It affects your strength (+2).
   Int-2:     It affects your intelligence (-2).
   rC+:       It protects you from cold.
   rN++:      It greatly protects you from negative energy.
Missiles
 c - 30 poisoned darts (quivered)
Armour
 o - a scarf of resistance
 p - a +0 buckler (worn)
 G - a +1 robe of cold resistance
 H - a +2 cloak (worn)
 I - the +6 chain mail "Feaf Gaof" (worn) {Str+3 Dex+3}
   (You found it on level 6 of the Dungeon)

   Str+3:     It affects your strength (+3).
   Dex+3:     It affects your dexterity (+3).
 K - +0 steam dragon scales
 N - the +7 plate armour of Nikoi {rF+}
   (You found it on level 10 of the Dungeon)

   rF+:       It protects you from fire.
 P - the +2 pair of boots "Idioppaq" {Str+2}
   (You found it in a Gauntlet)

   Str+2:     It affects your strength (+2).
 Q - the orb of Shielding {light, +Blink rElec Regen+}
   (You found it in a bailey)

   rElec:     It insulates you from electricity.
   +Blink:    It lets you blink.
   Regen+:    It increases your rate of health regeneration.
 S - a +2 pair of boots of flying (worn)
 X - a +1 hat (worn)
Jewellery
 f - a +6 ring of dexterity (right hand)
 n - a ring of protection from cold
 s - a ring of wizardry
 w - a ring of poison resistance (left hand)
 J - an amulet of regeneration (around neck)
 R - the ring "Fyuschue" {Will++ rCorr}
   (You found it in a Gauntlet)

   [ring of resist corrosion]

   Will++:    It greatly increases your willpower.
   rCorr:     It protects you from acid and corrosion.
Wands
 A - a wand of flame (21)
 C - a wand of paralysis (4)
 D - a wand of polymorph (10)
Scrolls
 e - 2 scrolls of summoning
 g - a scroll of fear
 h - 5 scrolls of enchant armour
 i - 2 scrolls of poison {unknown}
 j - a scroll of brand weapon {unknown}
 m - 3 scrolls of blinking
 q - a scroll of enchant weapon
 t - a scroll of vulnerability
 v - 2 scrolls of amnesia
 y - a scroll of immolation
 U - a scroll of silence {unknown}
 V - 2 scrolls of revelation
 W - a scroll of fog {unknown}
 Z - 2 scrolls of teleportation
Potions
 a - a potion of enlightenment
 k - 9 potions of curing
 l - 2 potions of mutation
 r - a potion of attraction
 u - 2 potions of lignification
 z - a potion of brilliance {unknown}
 B - 5 potions of heal wounds
 E - 2 potions of haste
 L - a potion of ambrosia
 M - a potion of magic
 O - 2 potions of might {unknown}
 Y - 2 potions of cancellation {unknown}
Miscellaneous
 b - a box of beasts (inert)
 T - a phial of floods (inert)


   Skills:
 + Level 9.3 Fighting
 + Level 8.9 Short Blades
 + Level 8.9 Long Blades
 + Level 8.9 Axes
 + Level 8.9 Maces & Flails
 + Level 12.1 Polearms
 + Level 8.9 Staves
 + Level 8.9 Ranged Weapons
 + Level 9.3 Throwing
 + Level 9.3 Armour
 + Level 9.3 Dodging
 + Level 8.9 Stealth
 + Level 8.9 Shields
 + Level 8.9 Unarmed Combat
 + Level 8.9 Spellcasting
 + Level 7.4 Conjurations
 + Level 7.4 Hexes
 + Level 7.4 Summonings
 + Level 7.4 Necromancy
 + Level 7.4 Translocations
 + Level 7.4 Transmutations
 + Level 7.4 Fire Magic
 + Level 7.4 Ice Magic
 + Level 7.4 Air Magic
 + Level 7.4 Earth Magic
 + Level 7.4 Poison Magic
 + Level 9.8 Invocations
 + Level 13.5 Evocations
 + Level 8.1 Shapeshifting


You had 30 spell levels left.
You didn't know any spells.
Your spell library contained the following spells:

 Spells                   Type           Power      Damage    Failure   Level
 Foxfire                  Conj/Fire      84%        2x1d8     4%          1
 Sandblast                Erth           42%        2d11      4%          1
 Cigotuvi's Dreadful Rot  Necr/Pois/Air  42%        N/A       8%          2
 Dazzling Flash           Conj/Hex       42%        N/A       14%         3
 Ignite Poison            Fire/Tmut/Pois 21%        N/A       14%         3
 Anguish                  Hex/Necr       10%        N/A       43%         4
 Brom's Barrelling Bould  Conj/Erth      21%        2d4       43%         4
 Cause Fear               Hex            10%        N/A       43%         4
 Freezing Cloud           Conj/Ice/Air   10%        6-21      80%         5
 Irradiate                Conj/Tmut      10%        3d15      80%         5
 Bombard                  Conj/Erth      10%        9d3       100%        6
 Plasma Beam              Fire/Air       10%        2x1d21    100%        6
 Starburst                Conj/Fire      10%        6d5       100%        6
 Enfeeble                 Hex            10%        N/A       100%        7
 Spellforged Servitor     Conj/Summ      10%        N/A       100%        7


Dungeon Overview and Level Annotations

Branches:
Dungeon (10/15)            Temple (1/1) D:6            Lair (1/5) D:8
    Orc (2/2) D:9             Elf (0/3) Orc:2        Bailey (visited)
Gauntlet (1/1)

Altars:
Ashenzari
Cheibriados
Dithmenos
Elyvilon
Fedhas
Gozag
Hepliaklqana
Kikubaaqudgha
Makhleb
Nemelex Xobeh
Okawaru
Qazlal
Ru
Sif Muna
Trog
Uskayaw
Vehumet
Wu Jian
Xom
Yredelemnul
Zin
The Shining One

Shops:
D:1 (   D:3 :   D:5 *   D:7 ?   D:9 *   Orc:2 :*([

Annotations:
Gauntlet 8 transporters


Innate Abilities, Weirdness & Mutations

You have very sharp teeth.
Your uncanny sense of smell can sniff out nearby items.
Your experience applies equally to all skills.


Message History

Aim: a minotaur, wielding the +7 morningstar "Funkurac" {flame, Str+2}, wearing a +0 plate armour, wearing a +0 kite shield, wearing a +6 ring of strength and quivering javelins The torrent of water hits the minotaur!!!
The minotaur is heavily wounded.
The minotaur is knocked back by the torrent of water.
The minotaur slams into the metal wall!
The minotaur is heavily wounded.
The minotaur is engulfed in water.
The wave splashes down.
Aiming: Throw Flame
Press: ? - help, Shift-Dir - straight line, f/p - minotaur
Aim: a minotaur, wielding the +7 morningstar "Funkurac" {flame, Str+2}, wearing a +0 plate armour, wearing a +0 kite shield, wearing a +6 ring of strength and quivering javelins (heavily wounded, waterlogged, 92% to hit)
The minotaur blocks the puff of flame.
The minotaur misses you.
The minotaur splashes around in the water.
Aiming: Paralyse
Press: ? - help, Shift-Dir - straight line, f/p - minotaur
Aim: a minotaur, wielding the +7 morningstar "Funkurac" {flame, Str+2}, wearing a +0 plate armour, wearing a +0 kite shield, wearing a +6 ring of strength and quivering javelins (steam, heavily wounded, waterlogged, chance to affect: 13%)
Okay, then.
Unknown command.
Okay, then.
Okay, then.
You hit the minotaur but do no damage.
The minotaur is heavily wounded.
The minotaur closely misses you. x2
You hit the minotaur. You burn the minotaur.
The minotaur is severely wounded.
The minotaur hits you with the +7 morningstar "Funkurac" {flame, Str+2}!!
The minotaur burns you. The minotaur gores you.
You feel much better.
The minotaur is engulfed in a cloud of scalding steam.
The minotaur splashes around in the water.
The minotaur gores you but does no damage.
You hit the minotaur. You burn the minotaur. The minotaur blocks your attack.
The minotaur is severely wounded.
The minotaur hits you with the +7 morningstar "Funkurac" {flame, Str+2}!
The minotaur burns you. You block the minotaur's attack.
It was a potion of magic.
Magic courses through your body.
The minotaur hits you with the +7 morningstar "Funkurac" {flame, Str+2}!!
* * * LOW HITPOINT WARNING * * *
The minotaur burns you!
You die...
Your body crumbles into a pile of gold.

#.# ......##..♣.#
#....##.♣.#.....#
..##.##...#.♣P..#
#.##....©.#.....#
#....##...#.....#
######.##.##.©.#.....#
#H...'~##......#..∩...
####~~~.##.©.#.....#
#.~@H##.##...#.....#
#....##~##....©.#.....#
#..## #~~..##...#.♣P..#
# ....##.##.♣.#.....#
.##.##......##..♣.#
#....##.♣.###...#
#######...##≈...#
#####≈≈...# ##≈.♣..


You could see a minotaur (waterlogged).

Vanquished Creatures
  An orc warlord (Orc:2)
  Erolcha (D:10)
  3 hydras
  Fannar (Orc:1)
  4 death yaks (D:8)
  4 two-headed ogres
  2 orc high priests
  A fire crab (Gauntlet)
  A sea snake (D:8)
  A deep elf pyromancer (D:8)
  5 orc knights
  An orc sorcerer (Orc:2)
  2 manticores (D:10)
  A gargoyle (Bailey)
  Maggie (D:6)
  2 torpor snails (Gauntlet)
  A komodo dragon (Lair:1)
  A merfolk (D:10)
  8 blink frogs (Lair:1)
  4 trolls
  Sigmund (D:5)
  21 yaks
  A vampire (Bailey)
  4 wyverns
  3 fire bats (Gauntlet)
  A steam dragon (D:8)
  Menkaure (D:7)
  7 wargs
  5 water moccasins
  27 orc warriors
  Duvessa (D:5)
  2 ice beasts
  13 black bears
  5 ogres
  3 centaurs
  10 wolves
  3 kobold brigands
  7 bullfrogs
  A gnoll sergeant (D:10)
  A scorpion (D:2)
  Blork the orc (D:5)
  4 wights
  Dowan (D:5)
  5 killer bees (D:8)
  4 howler monkeys
  6 electric eels (D:10)
  8 vampire bats (Bailey)
  7 wolf zombies (Bailey)
  5 hounds
  5 gnoll boudas
  A jelly (D:7)
  4 orc priests
  4 iguanas
  Jessica (D:3)
  A sleepcap (D:7)
  10 orc wizards
  A mummy (D:4)
  17 gnolls
  7 adders
  A white imp (D:8)
  An ufetubus (D:4)
  2 worms
  4 dart slugs
  50 orcs
  5 ball pythons
  6 bats
  7 endoplasms
  2 giant cockroaches
  10 hobgoblins
  5 kobolds
  3 quokkas
  A frilled lizard (D:1)
  5 goblins
  21 orc zombies (Bailey)
  5 rats
382 creatures vanquished.

Vanquished Creatures (collateral kills)
  Snorg (Orc:1)
  2 death yaks (D:8)
  An orc high priest (Orc:2)
  The ghost of MachoJfn the Frost Mage, a novice DsIE of Yredelemnul (D:7)
  An orc knight (Orc:2)
  The ghost of avis the Nimble, a novice FeAr of Gozag (D:7)
  2 trolls
  2 orc warriors (Orc:2)
  A sky beast (D:7)
  2 ogres
  An orc priest (Orc:2)
  Crazy Yiuf (D:6)
  An orc wizard (Orc:2)
  A gnoll (D:7)
  2 orcs (Orc:2)
  A ball python (D:1)
  A goblin (D:1)
  A frilled lizard (D:1)
23 creatures vanquished.

Vanquished Creatures (others)
  2 orc wizards (Orc:2)
  An orc (Orc:1)
3 creatures vanquished.

Grand Total: 408 creatures vanquished

Notes
Turn   | Place    | Note
-------+----------+-------------------------------------------
     0 | D:1      | Reached skill level 10 in Evocations
     0 | D:1      | miscthings the Gnoll Wanderer began the quest for the Orb.
     0 | D:1      | miscthings set off with the following items: a +0 spear, a
                  | box of beasts, 11 poisoned darts, a +0 dagger, a scroll of
                  | summoning, a +0 leather armour.
     0 | D:1      | Reached XP level 1. HP: 17/17 MP: 1/1
   141 | D:1      | Reached XP level 2. HP: 17/23 MP: 2/2
   173 | D:1      | Found Eruygir's Antique Weapon Boutique.
   791 | D:2      | Reached XP level 3. HP: 28/28 MP: 3/3
   935 | D:2      | Found a glowing silver altar of Zin.
  1048 | D:2      | Noticed a scorpion
  1066 | D:2      | Killed a scorpion
  1067 | D:2      | Reached skill level 1 in Short Blades
  1067 | D:2      | Reached skill level 1 in Long Blades
  1067 | D:2      | Reached skill level 1 in Axes
  1067 | D:2      | Reached skill level 1 in Maces & Flails
  1067 | D:2      | Reached skill level 1 in Staves
  1067 | D:2      | Reached skill level 1 in Ranged Weapons
  1067 | D:2      | Reached skill level 1 in Stealth
  1067 | D:2      | Reached skill level 1 in Shields
  1067 | D:2      | Reached skill level 1 in Unarmed Combat
  1067 | D:2      | Reached skill level 1 in Spellcasting
  1067 | D:2      | Reached skill level 1 in Conjurations
  1067 | D:2      | Reached skill level 1 in Hexes
  1067 | D:2      | Reached skill level 1 in Summonings
  1067 | D:2      | Reached skill level 1 in Necromancy
  1067 | D:2      | Reached skill level 1 in Translocations
  1067 | D:2      | Reached skill level 1 in Transmutations
  1067 | D:2      | Reached skill level 1 in Fire Magic
  1067 | D:2      | Reached skill level 1 in Ice Magic
  1067 | D:2      | Reached skill level 1 in Air Magic
  1067 | D:2      | Reached skill level 1 in Earth Magic
  1067 | D:2      | Reached skill level 1 in Poison Magic
  1067 | D:2      | Reached skill level 1 in Invocations
  1067 | D:2      | Reached skill level 1 in Shapeshifting
  1067 | D:2      | Reached XP level 4. HP: 15/34 MP: 3/5
  1834 | D:3      | Reached XP level 5. HP: 40/40 MP: 5/7
  2021 | D:3      | Noticed Jessica
  2031 | D:3      | Killed Jessica
  2097 | D:3      | Found Pehom's Vocational Training.
  2192 | D:3      | Reached XP level 6. HP: 43/47 MP: 6/8
  2423 | D:3      | Found a shadowy altar of Dithmenos.
  2427 | D:3      | Found a bloodstained altar of Trog.
  2428 | D:3      | Found a stormy altar of Qazlal.
  2957 | D:4      | Found a snail-covered altar of Cheibriados.
  3054 | D:5      | Entered Level 5 of the Dungeon
  3096 | D:5      | Identified the +1 scale mail of Resonance {rPois Will+
                  | Int-5}
  3100 | D:5      | Noticed a water moccasin
  3115 | D:5      | Killed a water moccasin
  3215 | D:5      | Noticed Blork the orc
  3226 | D:5      | Killed Blork the orc
  3227 | D:5      | Reached XP level 7. HP: 27/52 MP: 5/10
  3291 | D:5      | Noticed Duvessa
  3309 | D:5      | Killed Duvessa
  3366 | D:5      | Noticed Dowan
  3378 | D:5      | Killed Dowan
  3603 | D:1      | Bought a bone long sword for 272 gold pieces
  3603 | D:1      | Identified the +7 long sword "Fish" {flame, rC+ rN++ Str+2
                  | Int-2} (You bought it in a shop on level 1 of the Dungeon)
  3809 | D:5      | Found Haed's Assorted Antiques.
  3878 | D:5      | Noticed Sigmund
  3890 | D:5      | Killed Sigmund
  3891 | D:5      | Reached XP level 8. HP: 56/60 MP: 10/12
  3981 | D:6      | Found a runed translucent door.
  3982 | D:6      | Noticed Crazy Yiuf
  3988 | D:6      | Killed Crazy Yiuf
  4036 | D:6      | Identified the +6 chain mail "Feaf Gaof" {Str+3 Dex+3}
  4093 | D:6      | Reached skill level 11 in Evocations
  4117 | D:6      | Found a staircase to the Ecumenical Temple.
  4136 | Temple   | Entered the Ecumenical Temple
  4266 | D:6      | Noticed Maggie
  4277 | D:6      | Killed Maggie
  4278 | D:6      | Reached XP level 9. HP: 18/67 MP: 13/15
  4420 | D:6      | Got an antique book
  4457 | D:6      | Reached skill level 5 in Polearms
  4912 | D:7      | Reached skill level 5 in Fighting
  4912 | D:7      | Reached skill level 5 in Throwing
  4912 | D:7      | Reached skill level 5 in Armour
  4912 | D:7      | Reached skill level 5 in Dodging
  4929 | D:7      | Found a runed translucent gate.
  4929 | D:7      | Found a runed translucent gate.
  4929 | D:7      | Found a runed translucent gate.
  4929 | D:7      | Noticed avis's ghost (novice FeAr)
  4930 | D:7      | Noticed MachoJfn's ghost (novice DsIE)
  4946 | D:7      | Killed MachoJfn's ghost
  4946 | D:7      | Killed avis's ghost
  4947 | D:7      | Reached skill level 5 in Invocations
  5090 | D:7      | Found Voniasat's Magic Scroll Shoppe.
  5090 | D:7      | Identified the +2 longbow "Xoratuurru" {heavy, rElec}
  5108 | D:7      | Noticed Menkaure
  5119 | D:7      | Killed Menkaure
  5120 | D:7      | Reached XP level 10. HP: 52/75 MP: 17/17
  5220 | D:7      | Found a flagged portal.
  5237 | Bailey   | Entered a bailey
  5310 | Bailey   | Reached skill level 5 in Short Blades
  5310 | Bailey   | Reached skill level 5 in Long Blades
  5310 | Bailey   | Reached skill level 5 in Axes
  5310 | Bailey   | Reached skill level 5 in Maces & Flails
  5310 | Bailey   | Reached skill level 5 in Staves
  5310 | Bailey   | Reached skill level 5 in Ranged Weapons
  5310 | Bailey   | Reached skill level 5 in Stealth
  5310 | Bailey   | Reached skill level 5 in Shields
  5310 | Bailey   | Reached skill level 5 in Unarmed Combat
  5310 | Bailey   | Reached skill level 5 in Spellcasting
  5435 | Bailey   | Identified the +0 pair of boots of Elyvilon's Inspiration
                  | {-Tele Str+3 Dex+4}
  5451 | Bailey   | Noticed a gargoyle
  5457 | Bailey   | Killed a gargoyle
  5493 | Bailey   | Identified the orb of Shielding {light, +Blink rElec
                  | Regen+}
  6059 | D:8      | Noticed a death yak
  6060 | D:8      | Noticed a death yak
  6060 | D:8      | Noticed a two-headed ogre
  6073 | D:8      | Noticed a death yak
  6073 | D:8      | Noticed a death yak
  6075 | D:8      | Noticed a death yak
  6078 | D:8      | Noticed a death yak
  6081 | D:8      | Killed a death yak
  6082 | D:8      | Reached skill level 5 in Shapeshifting
  6086 | D:8      | Killed a death yak
  6092 | D:8      | Killed a death yak
  6093 | D:8      | Reached XP level 11. HP: 37/83 MP: 19/19
  6099 | D:8      | Killed a death yak
  6100 | D:8      | Reached skill level 5 in Conjurations
  6100 | D:8      | Reached skill level 5 in Hexes
  6100 | D:8      | Reached skill level 5 in Summonings
  6100 | D:8      | Reached skill level 5 in Necromancy
  6100 | D:8      | Reached skill level 5 in Translocations
  6100 | D:8      | Reached skill level 5 in Transmutations
  6100 | D:8      | Reached skill level 5 in Fire Magic
  6100 | D:8      | Reached skill level 5 in Ice Magic
  6100 | D:8      | Reached skill level 5 in Air Magic
  6100 | D:8      | Reached skill level 5 in Earth Magic
  6100 | D:8      | Reached skill level 5 in Poison Magic
  6100 | D:8      | Reached skill level 12 in Evocations
  6100 | D:8      | a two-headed ogre changed into a sea snake
  6100 | D:8      | Noticed a sea snake
  6103 | D:8      | Killed a death yak
  6109 | D:8      | Killed a sea snake
  6117 | D:8      | Killed a death yak
  6136 | D:8      | Found a staircase to the Lair.
  6258 | Temple   | Became a worshipper of Gozag Ym Sagoz the Greedy
  6574 | D:8      | Noticed a seven-headed hydra
  6574 | D:8      | Noticed a deep elf pyromancer
  6615 | D:7      | Bought a scroll of teleportation for 42 gold pieces
  6615 | D:7      | Bought a scroll of identify for 28 gold pieces
  6615 | D:7      | Bought a scroll of identify for 28 gold pieces
  6615 | D:7      | Bought a scroll of noise for 14 gold pieces
  6659 | D:8      | Killed a deep elf pyromancer
  6746 | D:8      | Noticed a five-headed hydra
  6754 | D:8      | Killed a one-headed hydra
  6759 | D:8      | Killed a one-headed hydra
  7033 | D:5      | Bought a scroll labelled ECROS IJY WUSI for 25 gold pieces
  7199 | D:9      | Found a staircase to the Orcish Mines.
  7247 | D:9      | Found Xucez's CLEARANCE SALE!.
  7254 | D:9      | Bought a potion of lignification for 9 gold pieces
  7254 | D:9      | Bought a potion of heal wounds for 15 gold pieces
  7266 | D:9      | Noticed a two-headed ogre
  7275 | D:9      | Killed a two-headed ogre
  7276 | D:9      | Reached XP level 12. HP: 72/91 MP: 22/22
  7708 | D:10     | Entered Level 10 of the Dungeon
  8175 | D:10     | Found a blossoming altar of Fedhas.
  8233 | D:10     | Reached skill level 10 in Polearms
  8358 | D:10     | Noticed Erolcha
  8360 | D:10     | Noticed a two-headed ogre
  8369 | D:10     | Killed Erolcha
  8377 | D:10     | Killed a two-headed ogre
  8517 | D:10     | Noticed a two-headed ogre
  8524 | D:10     | Killed a two-headed ogre
  8524 | D:10     | Noticed a two-headed ogre
  8532 | D:10     | Killed a two-headed ogre
  8570 | D:10     | Got a curious book
  8571 | D:10     | Identified the +5 flail "Ciless" {pain, +Blink rElec rCorr
                  | Str-5}
  8950 | D:10     | Identified the +7 plate armour of Nikoi {rF+}
  9121 | Orc:1    | Entered Level 1 of the Orcish Mines
  9121 | Orc:1    | Noticed an orc high priest
  9134 | Orc:1    | Killed an orc high priest
  9147 | Orc:1    | Reached skill level 13 in Evocations
  9155 | Orc:1    | Reached XP level 13. HP: 92/97 MP: 23/25
  9317 | Orc:1    | Noticed Fannar
  9332 | Orc:1    | Killed Fannar
  9383 | Orc:1    | Noticed Snorg
  9392 | Orc:1    | Killed Snorg
  9667 | Orc:2    | Entered Level 2 of the Orcish Mines
  9667 | Orc:2    | Found Uschuahi's Book Emporium.
  9971 | Orc:2    | Noticed an orc warlord
 10142 | Orc:2    | Killed an orc warlord
 10251 | Orc:2    | Found Zadie's Antique Weapon Boutique.
 10269 | Orc:2    | Found a staircase to the Elven Halls.
 10278 | Orc:2    | Found Kus Ykke's Antique Armour Shop.
 10292 | Orc:2    | Bought a warped morningstar for 315 gold pieces
 10292 | Orc:2    | Identified the +4 morningstar "Ubir" {venom, rPois} (You
                  | bought it in a shop on level 2 of the Orcish Mines)
 10420 | Orc:2    | Found Baagy's General Store.
 10822 | Lair:1   | Entered Level 1 of the Lair of Beasts
 11134 | Lair:1   | Found a gate leading to a gauntlet.
 11144 | Gauntlet | Entered a Gauntlet
 11144 | Gauntlet | Found a transporter.
 11151 | Gauntlet | Found a transporter.
 11153 | Gauntlet | Found a transporter.
 11164 | Gauntlet | Found a transporter.
 11167 | Gauntlet | Found a transporter.
 11175 | Gauntlet | Found a transporter.
 11194 | Gauntlet | Noticed a green death
 11197 | Gauntlet | Found a transporter.
 11207 | Gauntlet | Found a transporter.
 11219 | Gauntlet | Found a transporter.
 11238 | Gauntlet | Found a transporter.
 11241 | Gauntlet | Found a transporter.
 11252 | Gauntlet | Found a transporter.
 11303 | Gauntlet | Found a transporter.
 11320 | Gauntlet | Found a transporter.
 11565 | Gauntlet | Reached XP level 14. HP: 77/108 MP: 26/26
 11573 | Gauntlet | Identified the +2 pair of boots "Idioppaq" {Str+2}
 11575 | Gauntlet | Identified the ring "Fyuschue" {Will++ rCorr}
 11597 | Gauntlet | Identified the +7 morningstar "Funkurac" {flame, Str+2}
 11615 | Gauntlet | HP: 5/108 [minotaur/the +7 morningstar "Funkurac" {flame,
                  | Str+2} (35)]
 11615 | Gauntlet | Mangled by a minotaur

Illustrated notes

Levels and vault maps discovered:
D:1:      dpeg_cavernosity, layout_basic, serial_shops, shop
D:2:      layout_loops_corners, basic_altar, chequers_arboretum,
          solitary_fountain
D:3:      layout_rooms, minitemple, serial_curves, eino_curves_03,
          eino_curves_02, eino_curves_02, eino_curves_03,
          nicolae_shop_vocational, uniq_jessica
D:4:      layout_basic, slow_altar_1
D:5:      layout_gridville, serial_shops, kennysheep_mini, uniq_sigmund,
          uniq_duvessa, uniq_blork_the_orc
D:6:      layout_cave_pools, minmay_temple_entry_overgrown, minmay_manual_moon,
          uniq_maggie, uniq_crazy_yiuf_cottage
D:7:      layout_cave_pools, serial_shops, shop, gammafunk_ghost_cemetery,
          enter_bailey_2, uniq_menkaure
D:8:      layout_rooms, dpeg_lair_monsters, nzn_random_ring
D:9:      layout_small_grid, david_orc_2, nicolae_shop_clearance
D:10:     kennysheep_town, uniq_erolcha
Temple:   mainiacjoe_temple_coin_purse
Lair:1:   layout_chaotic_city, gauntlet_entry_generic, grunt_megastairs_5
Orc:1:    layout_caves, uniq_fannar, uniq_snorg
Orc:2:    grunt_orc_gardens, layout_caves, grunt_orc_garden, grunt_orc_garden,
          grunt_orc_garden, grunt_orc_garden
Gauntlet: minmay_gauntlet_77_tree [minmay_gauntlet_arena_77_block_sizes,
          minmay_gauntlet_arena_77_radiant_squares,
          minmay_gauntlet_arena_77_mirror,
          minmay_gauntlet_arena_77_broken_ladder,
          minmay_gauntlet_arena_77_squiggly, minmay_gauntlet_arena_77_two_lines,
          minmay_gauntlet_arena_77_hold_the_fort, gauntlet_exit_green]

Skill      XL: |  1  2  3  4  5  6  7  8  9 10 11 12 13 |
---------------+----------------------------------------+-----
Evocations     | 11 12 13 | 13.5
Short Blades   | 1 2 3 4 5 6 8 |  8.9
Long Blades    | 1 2 3 4 5 6 8 |  8.9
Axes           | 1 2 3 4 5 6 8 |  8.9
Maces & Flails | 1 2 3 4 5 6 8 |  8.9
Staves         | 1 2 3 4 5 6 8 |  8.9
Ranged Weapons | 1 2 3 4 5 6 8 |  8.9
Stealth        | 1 2 3 4 5 6 8 |  8.9
Shields        | 1 2 3 4 5 6 8 |  8.9
Unarmed Combat | 1 2 3 4 5 6 8 |  8.9
Spellcasting   | 1 2 3 4 5 6 8 |  8.9
Conjurations   | 1 2 3 4 5 6 7 |  7.4
Hexes          | 1 2 3 4 5 6 7 |  7.4
Summonings     | 1 2 3 4 5 6 7 |  7.4
Necromancy     | 1 2 3 4 5 6 7 |  7.4
Translocations | 1 2 3 4 5 6 7 |  7.4
Transmutations | 1 2 3 4 5 6 7 |  7.4
Fire Magic     | 1 2 3 4 5 6 7 |  7.4
Ice Magic      | 1 2 3 4 5 6 7 |  7.4
Air Magic      | 1 2 3 4 5 6 7 |  7.4
Earth Magic    | 1 2 3 4 5 6 7 |  7.4
Poison Magic   | 1 2 3 4 5 6 7 |  7.4
Invocations    | 1 2 3 4 5 6 7 8 9 |  9.8
Shapeshifting  | 1 2 3 4 5 6 7 8 |  8.1
Fighting       | 3 4 5 6 7 8 9 |  9.3
Polearms       | 3 4 6 7 9 10 12 | 12.1
Throwing       | 3 4 5 6 7 8 9 |  9.3
Armour         | 3 4 5 6 7 8 9 |  9.3
Dodging        | 3 4 5 6 7 8 9 |  9.3

Action                     |  1- 3 |  4- 6 |  7- 9 | 10-12 | 13-15 || total
---------------------------+-------+-------+-------+-------+-------++-------
  Melee: Spear             |    17 |    61 |       |       |       ||    78
         Bite              |       |    15 |    13 |    94 |    60 ||   182
         Flail             |       |    62 |       |       |       ||    62
         Mace              |       |    66 |    19 |       |       ||    85
         Dagger            |       |    16 |     2 |       |       ||    18
         Long sword        |       |       |   111 |   636 |   393 ||  1140
   Fire: Sling             |   111 |       |       |       |       ||   111
  Throw: Dart              |       |    11 |     8 |    18 |     7 ||    44
  Evoke: Box of beasts     |     1 |       |     2 |     2 |     2 ||     7
         Wand              |       |       |     1 |     8 |     5 ||    14
         Phial of floods   |       |       |       |     3 |     2 ||     5
    Use: Scroll            |       |     3 |     7 |     3 |     6 ||    19
         Potion            |       |       |       |     1 |     4 ||     5
   Stab: Distracted        |       |       |     1 |     7 |     5 ||    13
         Paralysed         |       |       |     2 |     2 |    13 ||    17
         Sleeping          |       |       |       |       |     1 ||     1
 Armour: Leather armour    |    58 |       |       |       |       ||    58
         Chain mail        |    24 |   169 |   135 |   541 |   361 ||  1230
  Dodge: Dodged            |    72 |    69 |    78 |   427 |   306 ||   952
  Block: Buckler           |     9 |    31 |    38 |   245 |   186 ||   509

Table legend: (Time is in decaauts)
 A = Elapsed time spent in this place.
 B = Non-inter-level travel time spent in this place.
 C = Inter-level travel time spent in this place.
 D = Time resting spent in this place.
 E = Time spent auto-exploring this place.
 F = Levels seen in this place.
 G = Mean time per level.
                   A        B        C        D        E       F      G
               +--------+--------+--------+--------+--------+-----+--------+
         Total |  11827 |  10448 |   1379 |    220 |   5905 |  16 |  739.2 |
       Dungeon |   8880 |   7739 |   1141 |     92 |   4736 |  10 |  888.0 |
        Temple |    106 |      2 |    104 |      0 |      0 |   1 |  106.0 |
          Lair |    321 |    321 |      0 |      0 |     19 |   1 |  321.0 |
  Orcish Mines |   1656 |   1523 |    133 |     79 |    829 |   2 |  828.0 |
        Bailey |    383 |    383 |      0 |      0 |    120 |   1 |  383.0 |
      Gauntlet |    479 |    479 |      0 |     49 |    201 |   1 |  479.0 |
               +--------+--------+--------+--------+--------+-----+--------+

Top non-repeatable levels by time:
    D:10: 1406 daAuts
     D:2: 1091 daAuts
     D:5: 1036 daAuts
     D:8: 1015 daAuts
     D:1: 895 daAuts
   Orc:2: 880 daAuts
     D:6: 785 daAuts
   Orc:1: 776 daAuts
     D:3: 729 daAuts
     D:7: 649 daAuts
     D:4: 643 daAuts
     D:9: 627 daAuts
Gauntlet: 479 daAuts
  Bailey: 383 daAuts
  Lair:1: 321 daAuts
